 Dungeon Crawl Stone Soup version 0.24.1-8-ga250c9d538 (webtiles) character file.

Game seed: 12144008132092411149, levelgen mode: deterministic

44 Descartes the Magician (level 3, -21/19 HPs)
             Began as a Deep Elf Air Elementalist on Apr 30, 2020.
             Demolished by an ogre
             ... wielding a +0 giant club
              (24 damage)
             ... on level 1 of the Dungeon.
             The game lasted 00:03:20 (1279 turns).

Descartes the Magician (Deep Elf Air Elementalist)  Turns: 1279, Time: 00:03:20

Health: -21/19     AC:  2    Str:  5    XL:     3   Next: 39%
Magic:  6/10       EV: 13    Int: 20    God:
Gold:   57         SH:  0    Dex: 15    Spells: 8/9 levels left

rFire    . . .     SeeInvis .   l - +0 dagger
rCold    . . .     Gourm    .   (no shield)
rNeg     . . .     Faith    .   a - +0 robe
rPois    .         Spirit   .   (no helmet)
rElec    .         Reflect  .   (no cloak)
rCorr    .         Harm     .   (no gloves)
MR       .....                  (no boots)
Stlth    ++........             (no amulet)
HPRegen  0.06/turn              j - ring of flight
MPRegen  0.12/turn              (no ring)

@: no status effects
A: no striking features
a: Evoke Flight


You were on level 1 of the Dungeon.
You were not hungry.

You visited 1 branch of the dungeon, and saw 2 of its levels.

You collected 57 gold pieces.

Inventory:

Hand Weapons
 l - a +0 dagger (weapon)
Missiles
 g - 18 poisoned darts (quivered)
 h - 23 bolts
 i - 37 stones
 k - 3 boomerangs
 m - 20 sling bullets
 n - 26 arrows
Armour
 a - a +0 robe (worn)
 p - a +0 shield
Jewellery
 j - a ring of flight (left hand)
Scrolls
 b - 2 scrolls of identify {unknown}
 f - a scroll of remove curse {unknown}
Potions
 e - a potion of agility {unknown}
 o - a potion of curing {unknown}
 q - 2 potions of heal wounds {unknown}
Comestibles
 c - 5 rations


   Skills:
 + Level 2.9 Dodging
 + Level 2.9 Stealth
 * Level 0.0 Shields
 + Level 3.6 Spellcasting
 + Level 1.6 Conjurations
 + Level 3.5 Air Magic


You had 8 spell levels left.
You knew the following spells:

 Your Spells              Type           Power        Failure   Level  Hunger
a - Shock                 Conj/Air       ##..         4%          1    None

Your spell library contained the following spells:

 Spells                   Type           Power        Failure   Level  Hunger
 Swiftness                Chrm/Air       ##......     10%         2    ##.....
 Static Discharge         Conj/Air       ##......     14%         3    ###....
 Airstrike                Air            ###.......   30%         4    ####...
 Lightning Bolt           Conj/Air       ##........   78%         5    ######.


Dungeon Overview and Level Annotations

Branches:
Dungeon (2/15)

Altars:
Ru

Annotations:
D:2 Terence


Message History

Press: ? - help, Shift-Dir - straight line The zap hits the ogre.
The ogre is severely wounded.
The zap hits the ogre.
The ogre is severely wounded.
The ogre hits you with a +0 giant club!
Ouch! That really hurt!
* * * LOW HITPOINT WARNING * * *
All of the chunks of flesh in your inventory have rotted away.
Your magical contamination has completely faded away.
Casting: Shock (safe; 4% risk of failure)
Confirm with . or Enter, or press ? or * to list all spells.
Aiming: Shock (safe; 4% risk of failure)
Press: ? - help, Shift-Dir - straight line The zap hits the ogre.
The ogre is severely wounded.
The zap misses the ogre.
The ogre hits you with a +0 giant club!!
Ouch! That really hurt!
You die...

#.....# ######### #.##.##
#.......# #..###
######.###.#.# #.##.##
###......# #.#.# #.....#
#........###.#.#######.##..#
#.#.###.............##......
#.#.###..#####.####.########
#.#..##....@O..# #.###
#.##.##.######### #...####
#.##.##.# #.....###).....##
#.......# #...>...........##
#......## #.......#.#.##..##
#.##.#.# #.......#.#.##....
#.##.#.# #.......#.#.##.###
#.##..รท####.....###......#
# #.###....##.....#####.####


You could see an ogre.

Vanquished Creatures
  An ooze (D:1)
  2 leopard geckos (D:1)
  4 giant cockroaches (D:1)
  8 goblins
  2 hobgoblins (D:1)
  7 bats (D:1)
  A frilled lizard (D:1)
  3 kobolds (D:1)
  7 rats (D:1)
35 creatures vanquished.

Notes
Turn   | Place    | Note
-------+----------+-------------------------------------------
     0 | D:1      | Descartes the Deep Elf Air Elementalist began the quest for
                  | the Orb.
     0 | D:1      | Reached XP level 1. HP: 10/10 MP: 6/6
   170 | D:1      | Reached XP level 2. HP: 15/15 MP: 2/8
   594 | D:1      | Reached XP level 3. HP: 19/19 MP: 5/10
  1181 | D:2      | Found a sacrificial altar of Ru.
  1193 | D:2      | Noticed Terence
  1227 | D:2      | Noticed an ogre
  1279 | D:1      | Demolished by an ogre

Levels and vault maps discovered:
D:1:      onia_arrival_handbag, layout_loops_cross
D:2:      layout_loops_corners, lemuel_doored_altar,
          chequers_temple_overflow_minitemple, lemuel_round_altar,
          grunt_decor_arrowhead, uniq_terence

Action                   || total
-------------------------++-------
 Cast: Shock             ||    64
  Eat: Chunk             ||     1
Armor: Robe              ||     3
Dodge: Dodged            ||     5
